 Dungeon Crawl Stone Soup version 0.28-a0-317-g21599a725c (webtiles) character file.

Game seed: 3882300147413756040

219 Froggeryz the Sneak (level 5, -3/34 HPs)
             Began as an Octopode Brigand on Sept 1, 2021.
             Killed from afar by an orc wizard (8 damage)
             ... with a magic dart
             ... on level 3 of the Dungeon.
             The game lasted 00:03:07 (2613 turns).

Froggeryz the Sneak (Octopode Brigand)              Turns: 2613, Time: 00:03:08

Health: -3/34      AC:  1    Str:  9 (10) XL:     5   Next: 96%
Magic:  5/5        EV: 12    Int: 11 (13) God:
Gold:   61         SH:  0    Dex: 14 (15) Spells: 4/4 levels left

rFire   . . .      SeeInvis .   a - +2 dagger
rCold   . . .      Faith    .   (no shield)
rNeg    . . .      Spirit   .   (helmet restricted)
rPois   +          Reflect  .   (no amulet)
rElec   .          Harm     .   d - ring of poison resistance
rCorr   .          Rampage  .   (no ring)
Will    .....                   (no ring)
Stlth   ++++......              (no ring)
HPRegen 0.11/turn               (no ring)
MPRegen 0.09/turn               (no ring)
                                (no ring)
                                (no ring)

@: no status effects
A: almost no armour, amphibious, 8 rings, camouflage 1, gelatinous body 1,
(nimble swimmer 1), tentacles
a: no special abilities


You were on level 3 of the Dungeon.
You visited 1 branch of the dungeon, and saw 3 of its levels.

You collected 61 gold pieces.

Inventory:

Hand Weapons
 a - a +2 dagger (weapon)
Missiles
 b - 7 poisoned darts (quivered)
 c - 2 curare-tipped darts
Jewellery
 d - a ring of poison resistance (left tentacle)
 k - an amulet of guardian spirit
Scrolls
 f - 3 scrolls of identify {unknown}
 g - a scroll of amnesia {unknown}
 h - a scroll of vulnerability {unknown}
 i - 2 scrolls of enchant weapon {unknown}
 l - 2 scrolls of teleportation {unknown}
Potions
 j - a potion of heal wounds {unknown}
 m - a potion of curing {unknown}
 n - a potion of experience {unknown}


   Skills:
 - Level 2.0 Fighting
 * Level 5.0 Short Blades
 - Level 2.0 Throwing
 - Level 1.0 Dodging
 + Level 7.0 Stealth


You had 4 spell levels left.
You didn't know any spells.
Your spell library contained the following spells:

 Spells                   Type           Power      Damage    Failure   Level
 Sting                    Tmut/Pois      0%         1d3       34%         1
 Ignite Poison            Fire/Tmut/Pois 0%         N/A       71%         3
 Mephitic Cloud           Conj/Pois/Air  0%         N/A       71%         3
 Olgreb's Toxic Radiance  Pois           0%         N/A       98%         4
 Bolt of Magma            Conj/Fire/Erth 0%         4d4       100%        5
 Fireball                 Conj/Fire      0%         3d3       100%        5
 Ignition                 Fire           0%         3d3       100%        8


Dungeon Overview and Level Annotations

Branches:
Dungeon (3/15)

Altars:

Shops:
D:3 *


Innate Abilities, Weirdness & Mutations

You cannot wear most types of armour.
You are amphibious.
You can wear up to eight rings at the same time.
Your skin changes colour to match your surroundings (Stealth+).
Your rubbery body absorbs attacks. (AC +1, EV +1)
((You are camouflaged near water. (Stealth+)))
You have tentacles for arms and can constrict up to eight enemies at once.


Message History

Deactivating autopickup; reactivate with Ctrl-A.
An orc comes into view. It is wielding a +0 club.
You barely miss the orc.
The orc shouts!
You grab the orc. You constrict the orc. The orc barely misses you.
You hit the orc.
The orc is heavily wounded.
You constrict the orc. The orc hits you with a +0 hand axe.
You hit the orc.
You kill the orc!
The orc hits you with a +0 dagger.
You see here a +0 hand axe.
You hit the orc. Your grab misses the orc. You squeeze the orc.
You kill the orc!
Something hits you.
You see here a +0 dagger.
You miss something.
You hear some strange, mumbled words.
A magic dart appears from out of thin air!
The magic dart hits you!
You hit something. Something hits you.
You hit something but do no damage. Something hits you.
You miss something. You squeeze something. You hit something.
You hear some strange, mumbled words.
A magic dart appears from out of thin air!
The magic dart hits you!
You hit something. You squeeze something. Something barely misses you.
You closely miss something.
You hear some strange, mumbled words.
A magic dart appears from out of thin air!
The magic dart hits you!
* * * LOW HITPOINT WARNING * * *
It was a potion of degeneration.
There was something very wrong with that liquid.
You feel weakened.
You feel dopey.
You feel clumsy.
You hear some strange, mumbled words.
A magic dart appears from out of thin air!
The magic dart hits you!
You die...

#.# #.# #.#
#.#.^.......#
#<#.........#
#.#.........#
#.#.........#
#.#.........########.###
#.#.........#..)@{o.....
#.####...# #.######....
.........####.###### .
.....รท...'........>#
.####....####.####.# .#
#....####.####. .#
#......<....... .#
#.############# .#
#.#8###8#


You could see an orc.

Vanquished Creatures
  A scorpion (D:2)
  4 gnolls (D:2)
  5 adders
  A worm (D:2)
  2 dart slugs
  2 orcs (D:3)
  8 bats
  5 endoplasms
  2 giant cockroaches (D:1)
  8 goblins
  7 hobgoblins
  7 jackals
  2 quokkas (D:2)
  5 ball pythons
  2 frilled lizards
  A kobold (D:1)
  6 rats
68 creatures vanquished.

Notes
Turn   | Place    | Note
-------+----------+-------------------------------------------
     0 | D:1      | Froggeryz the Octopode Brigand began the quest for the Orb.
     0 | D:1      | Reached XP level 1. HP: 14/14 MP: 1/1
    83 | D:1      | Reached XP level 2. HP: 11/19 MP: 2/2
   483 | D:1      | Reached XP level 3. HP: 17/24 MP: 3/3
   839 | D:1      | Got Wojumiun's Reference Book on Flames and Intoxication
   900 | D:2      | Noticed a scorpion
   910 | D:2      | Killed a scorpion
   911 | D:2      | Reached skill level 6 in Stealth
   911 | D:2      | Reached XP level 4. HP: 29/29 MP: 4/4
   939 | D:2      | Reached XP level 5. HP: 21/34 MP: 5/5
  2336 | D:2      | Found a faded altar of an unknown god.
  2392 | D:3      | Reached skill level 5 in Short Blades
  2392 | D:3      | Reached skill level 7 in Stealth
  2462 | D:3      | Found Potanush's General Store.
  2613 | D:3      | Killed from afar by an orc wizard

Illustrated notes

Levels and vault maps discovered:
D:1:      evilmike_arrival_home_sweet_home, layout_basic, minmay_tetromino_t2
D:2:      layout_loops_ring, hellmonk_ecumenical_altar_leap_of_faith
D:3:      layout_basic, lightli_sewer_entry_pipes, serial_shops, shop,
          corexii_hall_statues_t

Skill      XL: |  1  2  3  4  5 |
---------------+----------------+-----
Short Blades   | 3 4 5 |  5.0
Stealth        | 6 7 |  7.0
Fighting       | |  2.0
Throwing       | |  2.0
Dodging        | |  1.0

Action                   |  1- 3 |  4- 6 || total
-------------------------+-------+-------++-------
Melee: Dagger            |    53 |    76 ||   129
       Constrict         |    11 |    15 ||    26
       Tentacles         |     7 |    13 ||    20
Throw: Dart              |     2 |       ||     2
  Use: Potion            |       |     1 ||     1
 Stab: Sleeping          |    12 |    15 ||    27
       Distracted        |     1 |       ||     1
Armor: Skin              |     3 |     4 ||     7
Dodge: Dodged            |    15 |    30 ||    45

Table legend: (Time is in decaauts)
 A = Elapsed time spent in this place.
 B = Non-inter-level travel time spent in this place.
 C = Inter-level travel time spent in this place.
 D = Time resting spent in this place.
 E = Time spent auto-exploring this place.
 F = Levels seen in this place.
 G = Mean time per level.
                   A        B        C        D        E       F      G
               +--------+--------+--------+--------+--------+-----+--------+
         Total |   2587 |   2533 |     54 |    818 |   1105 |   3 |  862.3 |
       Dungeon |   2587 |   2533 |     54 |    818 |   1105 |   3 |  862.3 |
               +--------+--------+--------+--------+--------+-----+--------+

Top non-repeatable levels by time:
     D:2: 1242 daAuts
     D:1: 1104 daAuts
     D:3: 241 daAuts
